 Dungeon Crawl Stone Soup version 0.30-a0-996-ga6910c8ee8 (webtiles) character file.

Game seed: 12224304380754632011

542231 Sobieck the Sorcerer (level 24, -14/169 HPs)
             Began as a Mummy Fire Elementalist on Apr 3, 2023.
             Was the Champion of Vehumet.
             Killed from afar by an ancient lich (37 damage)
             ... with a bolt of acid
             ... on level 1 of the Realm of Zot on Apr 4, 2023.
             The game lasted 05:00:56 (96719 turns).

Sobieck the Sorcerer (Mummy Fire Elementalist)     Turns: 96719, Time: 05:00:57

Health: -14/169    AC: 15    Str: 17    XL:     24   Next: 78%
Magic:  57/60      EV: 13    Int: 29    God:    Vehumet [******]
Gold:   5852       SH: 13    Dex: 15    Spells: 15/72 levels left

rFire   + + +      SeeInvis .    b - staff of earth {!astaff}
rCold   + + +      Faith    +    h - +2 shield of Resistance {rF++ rC++ Will++}
rNeg    + + +      Spirit   .    c - +3 leather armour of Ennui {rElec rF+++ rC- rCorr}
rPois   ∞          Reflect  .    T - +1 helmet "Rodoon" {rC+ Str+3 Int+6 Dex+3}
rElec   +          Rampage  .    m - +0 cloak
rCorr   +                        n - +2 pair of gloves
Will    +++++                    i - +2 pair of boots
Stlth   ++                       K - amulet of magic regeneration {@e2}
HPRegen 0.48/turn                N - ring of magical power
MPRegen 0.77/turn                f - ring of wizardry

@: studying 2 skills
A: cold resistance 1, negative energy resistance 3, torment resistance 2, heat
vulnerability 1, in touch with death 2, no potions, faith
}: 3/15 runes: decaying, serpentine, silver
a: Renounce Religion


You were on level 1 of the Realm of Zot.
You worshipped Vehumet.
Vehumet was exalted by your worship.
You visited 10 branches of the dungeon, and saw 46 of its levels.
You also visited: Trove, Sewer and Ice Cave.

You collected 6755 gold pieces.
You spent 903 gold pieces at shops.


Innate Abilities, Weirdness & Mutations

You are immune to poison.
Your flesh is cold resistant. (rC+)
You are immune to negative energy. (rN+++)
You are immune to unholy pain and torment.
You are vulnerable to heat. (rF-)
You are strongly in touch with the powers of death.
You do not drink.
You have a special connection with the divine. (Faith)


   Skills:
 - Level 9.0 Fighting
 - Level 7.0 Dodging
 - Level 1.5 Stealth
 - Level 9.0 Shields
 + Level 24.5 Spellcasting
 - Level 14.0 Conjurations
 - Level 5.0 Transmutations
 - Level 18.3 Fire Magic
 - Level 23.0 Earth Magic


You had 15 spell levels left.
You knew the following spells:

 Your Spells              Type           Power      Damage    Failure   Level
a - Orb of Destruction    Conj           43%        9d12      1%          7
b - Shatter               Erth           65%        3d48*     2%          9
c - Iron Shot             Conj/Erth      60%        9d11      1%          6
d - Stone Arrow           Conj/Erth      100%       3d13      0%          3
e - Fireball              Conj/Fire      46%        3d18      1%          5
f - Foxfire               Conj/Fire      100%       2x1d9     0%          1
g - Irradiate             Conj/Tmut      37%        3d24      1%          5
h - Starburst             Conj/Fire      46%        6d13      1%          6
i - Borgnjor's Vile Clut  Necr/Erth      74%        N/A       1%          5
j - Ignition              Fire           48%        3d14      1%          8
k - Scorch                Fire           100%       2d10      0%          2

Your spell library contained the following spells:

 Spells                   Type           Power      Damage    Failure   Level
 Maxwell's Capacitive Co  Air            17%        ∞         100%        8
 Chain Lightning          Conj/Air       33%        3d44      100%        9
 Magic Dart               Conj           100%       1d8       0%          1
 Passwall                 Tmut/Erth      90%        N/A       0%          2
 Searing Ray              Conj           100%       2d8       0%          2
 Kiss of Death            Conj/Necr      100%       2d13      1%          1
 Necrotise                Necr           100%       1d9       1%          1
 Slow                     Hex            100%       N/A       1%          1
 Sting                    Tmut/Pois      100%       1d8       1%          1
 Blink                    Tloc           70%        N/A       1%          2
 Call Imp                 Summ           35%        N/A       1%          2
 Cigotuvi's Dreadful Rot  Necr/Pois/Air  100%       N/A       1%          2
 Ensorcelled Hibernation  Hex/Ice        70%        N/A       1%          2
 Lesser Beckoning         Tloc           70%        N/A       1%          2
 Momentum Strike          Conj/Tloc      100%       3d10      1%          2
 Poisonous Vapours        Pois/Air       70%        N/A       1%          2
 Dazzling Flash           Conj/Hex       100%       N/A       1%          3
 Ignite Poison            Fire/Tmut/Pois 69%        N/A       1%          3
 Inner Flame              Hex/Fire       73%        N/A       1%          3
 Kindle Blastsparks       Fire/Tloc/Air  100%       2d18      1%          3
 Mephitic Cloud           Conj/Pois/Air  58%        N/A       1%          3
 Animate Armour           Summ/Erth      100%       N/A       1%          4
 Flame Wave               Conj/Fire      92%        2d19      1%          4
 Fulminant Prism          Conj/Hex       33%        3d16      1%          4
 Iskenderun's Mystic Bla  Conj/Tloc      66%        2d14      1%          4
 Leda's Liquefaction      Hex/Erth       50%        N/A       1%          4
 Sticky Flame             Conj/Fire      92%        2d10      1%          4
 Freezing Cloud           Conj/Ice/Air   29%        6-21      1%          5
 Iskenderun's Battlesphe  Conj           86%        2d13      1%          5
 Plasma Beam              Fire/Air       36%        2x1d54    1%          6
 Lehudib's Crystal Spear  Conj/Erth      60%        10d14     1%          8
 Conjure Ball Lightning   Conj/Air       33%        3x3d11    2%          6
 Confusing Touch          Hex            35%        N/A       3%          3
 Portal Projectile        Hex/Tloc       70%        N/A       3%          3
 Tukima's Dance           Hex            35%        N/A       3%          3
 Vampiric Draining        Necr           68%        2d10      3%          3
 Olgreb's Toxic Radiance  Pois           35%        N/A       3%          4
 Anguish                  Hex/Necr       34%        N/A       10%         4
 Animate Dead             Necr           68%        N/A       10%         4
 Cause Fear               Hex            17%        N/A       10%         4
 Dispel Undead            Necr           68%        3d23      10%         4
 Manifold Assault         Tloc           35%        N/A       10%         4
 Passage of Golubria      Tloc           35%        N/A       10%         4
 Spellforged Servitor     Conj/Summ      33%        N/A       13%         7
 Agony                    Necr           68%        N/A       26%         5
 Silence                  Hex/Air        17%        N/A       26%         5
 Death Channel            Necr           34%        N/A       80%         6
 Simulacrum               Ice/Necr       34%        N/A       80%         6
 Ozocubu's Refrigeration  Ice            17%        4d11      83%         7
 Enfeeble                 Hex            17%        N/A       100%        7
 Malign Gateway           Summ/Tloc      17%        N/A       100%        7
 Discord                  Hex            17%        N/A       100%        8
 Disjunction              Tloc           17%        N/A       100%        8
 Dragon's Call            Summ           17%        N/A       100%        9
 Polar Vortex             Ice            17%        N/A       100%        9
 Blade Hands              Tmut           Unusable   N/A       N/A         5
 Dragon Form              Tmut           Unusable   N/A       N/A         7
 Storm Form               Tmut/Air       Unusable   N/A       N/A         7
 Borgnjor's Revivificati  Necr           Unusable   N/A       N/A         8
 Necromutation            Tmut/Necr      Unusable   N/A       N/A         8
 Death's Door             Necr           Unusable   N/A       N/A         9

Inventory:

Missiles
 A - 47 poisoned darts {throwing}
 D - 3 curare-tipped darts {=fthrowing}
 E - 7 throwing nets {=f!fthrowing}
 I - 3 boomerangs of dispersal {=f!fthrowing}
 S - 28 boomerangs {throwing}
Armour
 c - the +3 leather armour of Ennui (worn) {rElec rF+++ rC- rCorr}
   (You found it on level 4 of the Lair of Beasts)

   rF:        It renders you almost immune to fire.
   rC:        It makes you vulnerable to cold.
   rElec:     It insulates you from electricity.
   rCorr:     It protects you from acid and corrosion.
 h - the +2 shield of Resistance (worn) {rF++ rC++ Will++}
   (You acquired it on level 6 of the Dungeon)

   rF:        It greatly protects you from fire.
   rC:        It greatly protects you from cold.
   Will:      It greatly increases your willpower.
 i - a +2 pair of boots (worn)
   (You found it on level 2 of the Swamp)
 m - a +0 cloak (worn)
   (You took it off a draconian annihilator on level 4 of the Depths)
 n - a +2 pair of gloves (worn)
   (You found it on level 2 of the Dungeon)
 s - the scarf of the Original Sin {shadows, rN+ Dex+3}
   (You acquired it on level 6 of the Dungeon)

   Dex:       It affects your dexterity (+3).
   rN:        It protects you from negative energy.
 T - the +1 helmet "Rodoon" (worn) {rC+ Str+3 Int+6 Dex+3}
   (You found it on level 1 of the Vaults)

   Str:       It affects your strength (+3).
   Int:       It affects your intelligence (+6).
   Dex:       It affects your dexterity (+3).
   rC:        It protects you from cold.
Magical Staves
 a - a staff of conjuration {!a@e2staff}
   (You found it on level 1 of the Vaults)
 b - a staff of earth (weapon) {!astaff}
   (You found it on level 4 of the Vaults)
 V - a staff of fire {!astaff}
   (You found it on level 2 of the Depths)
Jewellery
 f - a ring of wizardry (right hand)
   (You found it on level 1 of the Dungeon)
 g - a ring of willpower
   (You found it on level 7 of the Dungeon)
 u - a ring of fire
   (You took it off a balrug on level 1 of the Depths)
 x - a ring of protection from fire
   (You found it on level 10 of the Dungeon)
 J - an amulet of regeneration {@e2}
   (You took it off a salamander mystic on level 3 of the Snake Pit)
 K - an amulet of magic regeneration (around neck) {@e2}
   (You found it on level 3 of the Elven Halls)
 L - the ring "Inimoy" {Fly Stlth+}
   (You found it on level 5 of the Vaults)

   [ring of flight]

   Fly:       It grants you flight.
   Stlth:     It makes you more stealthy.
 N - a ring of magical power (left hand)
   (You found it on level 4 of the Snake Pit)
 R - a ring of resist corrosion
   (You found it on level 2 of the Elven Halls)
 U - a ring of see invisible
   (You found it on level 1 of the Elven Halls)
Wands
 d - a wand of flame (51)
   (You took it off a kobold brigand on level 7 of the Dungeon)
 o - a wand of iceblast (43)
   (You found it on level 8 of the Dungeon)
 r - a wand of paralysis (9)
   (You found it on level 6 of the Dungeon)
 y - a wand of light (39)
   (You found it on level 2 of the Lair of Beasts)
 z - a wand of mindburst (37)
   (You found it on level 2 of the Snake Pit)
 G - a wand of polymorph (29)
   (You found it on level 11 of the Dungeon)
 P - a wand of digging (15)
   (You found it on level 4 of the Dungeon)
Scrolls
 e - 47 scrolls of identify {@r1}
 j - 24 scrolls of teleportation {@r4}
 k - 6 scrolls of magic mapping {!r}
 l - 7 scrolls of blinking {!r}
 p - 7 scrolls of immolation {!r!r}
 q - 5 scrolls of brand weapon
 t - 10 scrolls of noise {!r}
 w - 6 scrolls of silence {!r}
 B - 6 scrolls of fog
 C - 3 scrolls of enchant armour
 F - a scroll of torment
 H - 5 scrolls of fear
 Q - 4 scrolls of poison
 W - 9 scrolls of vulnerability {!r!r}
Miscellaneous
 v - a phial of floods
   (You found it on level 13 of the Dungeon)
 M - a lightning rod (4/4)
   (You found it on level 14 of the Dungeon)
 O - a box of beasts
   (You found it on level 3 of the Elven Halls)
 X - a phantom mirror
   (You found it on level 3 of the Elven Halls)
 Y - a condenser vane
   (You found it on level 3 of the Elven Halls)
 Z - a tin of tremorstones (2/2) {throwing}
   (You found it on level 3 of the Elven Halls)

Dungeon Overview and Level Annotations

Branches:
Dungeon (15/15) Zot: 21766  Temple (0/1) D:5            Lair (5/5) D:11 Zot: 19298
  Swamp (4/4) Lair:3 Zot: 18068   Snake (4/4) Lair:3 Zot: 12931   Slime (0/5) Lair:5
    Orc (2/2) D:11 Zot: 9173     Elf (3/3) Orc:2 Zot: 12141  Vaults (5/5) D:13 Zot: 17669
  Crypt (3/3) Vaults:3 Zot: 10167    Tomb (0/3) Crypt:3      Depths (4/4) D:15 Zot: 14976
    Zot (1/5) Depths:4 Zot: 5977   Sewer (visited)           IceCv (visited)

Altars:
Cheibriados
Fedhas
Hepliaklqana
Kikubaaqudgha
Nemelex Xobeh
Ru
Sif Muna
Trog
Uskayaw
Vehumet
Wu Jian
Xom
Jiyva

Shops:
D:1 !((   D:2 ?   D:9 [   Orc:1 (   Orc:2 :*([   Elf:1 [   Elf:2 *   Elf:3 (
Vaults:1 *   Vaults:5 (==*!   Depths:3 (   Depths:4 ([*

Portals:
Hell: Depths:1 Depths:2 Depths:3 Depths:4
Abyss: Depths:2 Depths:3 Depths:4
Pandemonium: Depths:2 Depths:3 Depths:4
Ziggurat: Depths:4

Annotations:
Swamp:3 2 transporters, Kacaoki's ghost, adept MiBe
Elf:2 3 runed translucent doors
Vaults:2 Mennas
Vaults:3 exclusion: upstairs
Vaults:4 exclusion: downstairs

#..#...........
....#..........
...........#...
#........y... .
...............
.......D..#.!..
#.....☼DD§†....
#.....○@LD.#
.#....○§q...#
#.#......☼.....
...............
###............
#...........#
#....##......
..... ......


You could see a shadow dragon (berserk), a green draconian monk (catching
breath), a golden dragon (berserk), an ancient lich, a storm dragon (catching
breath), a quicksilver dragon and a moth of wrath.


Message History

The fireball engulfs the moth of wrath!!
The fireball engulfs the shadow dragon!
The fireball engulfs the storm dragon!
The fireball engulfs the moth of wrath!! x2
The fireball engulfs the green draconian monk!!
The fireball engulfs the moth of wrath!!
The fireball engulfs the green draconian monk!!
The fireball engulfs the moth of wrath! x2
The fireball engulfs the golden dragon.
The golden dragon resists.
The fireball engulfs the storm dragon!
The fireball engulfs the ancient lich.
The ancient lich resists.
The fireball engulfs the moth of wrath! x2
The fireball engulfs the shadow dragon!
The fireball engulfs the storm dragon!
The fireball engulfs the golden dragon!
The golden dragon resists.
The fireball engulfs the moth of wrath!!
You kill the moth of wrath!
Vehumet accepts your kill.
You feel your power returning.
The fireball engulfs the moth of wrath!!
You kill the moth of wrath!
Vehumet accepts your kill.
You feel your power returning.
The fireball engulfs the moth of wrath!!
You kill the moth of wrath!
Vehumet accepts your kill.
You feel your power returning.
The fireball engulfs the golden dragon!
The golden dragon resists.
The fireball engulfs the golden dragon.
The golden dragon resists.
The fireball engulfs the ancient lich.
The ancient lich resists.
The fireball engulfs the green draconian monk!!
The fireball engulfs the shadow dragon!
The fireball engulfs the moth of wrath!!
You kill the moth of wrath!
Vehumet accepts your kill.
You feel your power returning.
The fireball engulfs the ancient lich.
The ancient lich resists.
The fireball engulfs the golden dragon!
The golden dragon resists.
The fireball engulfs the ancient lich.
The ancient lich resists.
The fireball engulfs the shadow dragon.
You hear a roar!
A moth of wrath comes into view.
The storm dragon breathes lightning at you.
The bolt of lightning hits you. You resist.
The green draconian monk breathes poison at you.
The blast of poison engulfs you but does no damage.
You resist. The golden dragon bites you!! The golden dragon misses you.
You block the golden dragon's attack.
The ancient lich touches you but does no damage.
The moth of wrath's fur bristles in rage as it notices you.
Casting: Ignition (dangerous; 1% risk of failure)
Confirm with . or Enter, or press ? or * to list all spells.
Casting: Ignition (dangerous; 1% risk of failure)
Press: ? - help, Dir - look around, f - activate The air bursts into flame!
The fireball engulfs the quicksilver dragon.
The fireball engulfs the moth of wrath!!
The fireball engulfs the ancient lich!
The ancient lich resists.
The fireball engulfs the golden dragon.
The golden dragon resists.
The fireball engulfs the shadow dragon!!
The fireball engulfs the storm dragon!!
The fireball engulfs the green draconian monk!!
The fireball engulfs the moth of wrath!!
The fireball engulfs the golden dragon!
The golden dragon resists.
The fireball engulfs the storm dragon!
The fireball engulfs the shadow dragon.
The fireball engulfs the green draconian monk!!
The fireball engulfs the shadow dragon!!
The fireball engulfs the golden dragon!!
The golden dragon resists.
The fireball engulfs the quicksilver dragon!
The fireball engulfs the ancient lich!
The ancient lich resists.
The fireball engulfs the shadow dragon!
The fireball engulfs the golden dragon.
The golden dragon resists.
The fireball engulfs the ancient lich.
The ancient lich resists.
The fireball engulfs the moth of wrath!!
You kill the moth of wrath!
Vehumet accepts your kill.
You feel your power returning.
The fireball engulfs the quicksilver dragon!!
The fireball engulfs the ancient lich!
The ancient lich resists.
The golden dragon closely misses you. The golden dragon claws you!!
You block the golden dragon's attack. The green draconian monk misses you.
The green draconian monk kicks you but does no damage.
The green draconian monk misses you.
The green draconian monk tail-slaps you but does no damage.
The golden dragon bites you but does no damage.
The golden dragon claws you but does no damage.
The golden dragon tramples you!
* * * LOW HITPOINT WARNING * * *
You hold your ground!
The ancient lich touches you but does no damage.
The quicksilver dragon breathes dispelling energy at you.
The bolt of dispelling energy misses you.
The golden dragon bites you!
* * * LOW HITPOINT WARNING * * *
You block the golden dragon's attack. The golden dragon tramples you!!
* * * LOW HITPOINT WARNING * * *
You hold your ground!
The green draconian monk hits you!!
* * * LOW HITPOINT WARNING * * *
You block the green draconian monk's attack.
The green draconian monk tail-slaps you but does no damage. x2
The ancient lich gestures at you while chanting.
The bolt of acid hits you!!! You resist.
You die...

Skill      XL: |  1  2  3  4  5  6  7  8  9 10 11 12 13 14 15 16 17 18 19 20 21 22 23 24 |
---------------+-------------------------------------------------------------------------+-----
Conjurations   | 1 2 3 4 5 7 8 9 10 11 13 14 | 14.0
Spellcasting   | 3 4 5 6 8 10 11 12 14 16 19 20 24 | 24.5
Fire Magic     | 3 4 5 6 7 8 9 10 11 13 15 17 18 | 18.3
Shields        | 1 4 6 7 8 9 |  9.0
Transmutations | 3 5 |  5.0
Fighting       | 3 6 8 9 |  9.0
Dodging        | 4 5 7 |  7.0
Earth Magic    | 5 11 15 18 21 23 | 23.0
Stealth        | |  1.5

Action                     |  1- 3 |  4- 6 |  7- 9 | 10-12 | 13-15 | 16-18 | 19-21 | 22-24 || total
---------------------------+-------+-------+-------+-------+-------+-------+-------+-------++-------
  Melee: Whip              |     4 |     3 |       |     9 |     5 |    15 |       |       ||    36
         Punch             |     1 |       |       |       |       |       |       |       ||     1
         Quick blade       |       |       |       |       |       |       |     7 |       ||     7
         Staff             |       |       |       |       |       |       |     2 |       ||     2
   Cast: Foxfire           |    90 |   187 |   329 |   414 |   549 |    17 |       |       ||  1586
         Scorch            |     4 |     4 |    36 |    56 |    44 |     2 |     1 |       ||   147
         Fireball          |       |       |     5 |   133 |    64 |   320 |   626 |    48 ||  1196
         Stone Arrow       |       |       |       |     4 |       |     2 |     1 |       ||     7
         Irradiate         |       |       |       |    23 |   135 |   176 |   133 |    61 ||   528
         Orb of Destructio |       |       |       |     7 |    51 |   134 |    63 |    95 ||   350
         Starburst         |       |       |       |       |   121 |    61 |    87 |     5 ||   274
         Plasma Beam       |       |       |       |       |    32 |     8 |       |       ||    40
         Flame Wave        |       |       |       |       |     1 |       |       |       ||     1
         Ignition          |       |       |       |       |       |    36 |    81 |     9 ||   126
         Iron Shot         |       |       |       |       |       |       |    13 |     3 ||    16
         Shatter           |       |       |       |       |       |       |       |   337 ||   337
  Evoke: Wand              |       |       |       |     1 |     3 |       |       |       ||     4
    Use: Scroll            |       |     5 |     8 |    13 |     5 |     6 |    10 |     1 ||    48
   Stab: Distracted        |       |       |       |       |       |       |     1 |       ||     1
 Armour: Robe              |     5 |     2 |    12 |       |       |       |       |       ||    19
         Steam dragon scal |       |       |     5 |    15 |       |       |       |       ||    20
         Troll leather arm |       |       |       |    30 |    25 |       |       |       ||    55
         Leather armour    |       |       |       |       |    50 |    75 |    66 |    82 ||   273
  Dodge: Dodged            |    20 |    15 |    55 |   156 |   194 |   140 |    96 |   102 ||   778
  Block: Kite shield       |       |       |     5 |   132 |   248 |   175 |   163 |   120 ||   843

Levels and vault maps discovered:
D:1:      dpeg_arrival_lava_temple_mockup, layout_basic, serial_shops,
          nicolae_square_shop, shop, shop,
          hellmonk_ecumenical_altar_pennies_from_heaven, st_stairs_9,
          dreamdust_princess_bridge
D:2:      minmay_razor_zed, layout_loops_cross, basic_altar, serial_shops, shop
D:3:      minmay_chambers_of_threes, layout_rooms, lemuel_tele_altar,
          nicolae_vehumet_altar_sigil, elyvilon_altar_1
D:4:      layout_rooms, mainiacjoe_overflow_concentric_impassable,
          doesnt_xom_only_xom, uniq_natasha
D:5:      cheibrodos_two_vegetables, layout_rooms, temple_green
D:6:      layout_layer_cave, lemuel_doored_altar, nemelex_dance_club_becter,
          zin_scriptorium, portal_sewer_entry_d, uniq_grinder
D:7:      minmay_chambers_of_sevens, layout_cave_pools,
          mainiacjoe_overflow_alcove_2
D:8:      layout_cave_pools, kennysheep_orc_sif_temple,
          chequers_serial_rivers_room_b, uniq_amaemon
D:9:      layout_long_grid, serial_shops, kennysheep_mini
D:10:     layout_grid_maze, gammafunk_temple_overflow_claw, uniq_urug
D:11:     layout_basic, erik_lair_dragon, david_orc_5, uniq_lodul, uniq_sonja,
          uniq_nergalle, uniq_erica
D:12:     layout_roguey, uniq_frances
D:13:     layout_small_grid, david_vaults_2, minivault_8, uniq_snorg
D:14:     layout_loops_corners, enter_trove_1, nrook_campfire, minivault_24,
          minmay_misc_feat_square, uniq_louise
D:15:     gammafunk_depths_entry_grave, layout_irregular_city
Lair:1:   layout_hall_layers
Lair:2:   layout_gridlike, worms_lemuel
Lair:3:   layout_cave_pods, palyth_hydra_swamp_entry, dummy_snake_entry,
          serial_forest, infiniplex_forest_lined_2,
          infiniplex_forest_clump_double, infiniplex_forest_diagonal,
          infiniplex_forest_side_room, infiniplex_forest_clump_small,
          infiniplex_forest_corner_1, infiniplex_forest_join,
          infiniplex_forest_straight_3, infiniplex_forest_straight_2,
          chequers_serial_rivers_micro_c, st_stairs_8
Lair:4:   layout_loops_ring, uniq_nessos
Lair:5:   hangedman_lair_tendril_chambers, layout_cave_shapes,
          dpeg_slime_entry_enclosed, st_stairs_8
Swamp:1:  layout_basic_swamp, serial_swamp_ruin, evilmike_swamp_ruin_house_2,
          evilmike_swamp_ruin_house_6, infiniplex_staircase_pool_2
Swamp:2:  layout_basic_swamp, infiniplex_staircase_pool
Swamp:3:  layout_falls_marsh, gammafunk_ghost_berserking_beasts,
          evilmike_swamp_ruin_house_1, swamp_pool4, uniq_nikola
Swamp:4:  swamp_pestilence, layout_basic_swamp
Snake:1:  layout_misc_corridors
Snake:2:  cheibrodos_snake_ritualist_ritual, layout_onion_interference,
          basic_altar, grunt_ministairs_11, grunt_megastairs_3
Snake:3:  layout_chambers, serial_bayou_lagoon_b, uniq_aizul
Snake:4:  johnstein_snake_rune_scales, layout_onion, grunt_megastairs_1
Orc:1:    layout_caves, portal_ice_cave_entry_imps, serial_shops,
          nicolae_lakefront_shop
Orc:2:    st_orc_mages, layout_caves
Elf:1:    eino_elf_arrival_the_gate, layout_geoelf_diagonals, serial_shops,
          shop, hangedman_elf_represent, lemuel_upstairs_altar
Elf:2:    nicolae_elf_blades_crystal_corner, layout_onion_city, serial_shops,
          shop
Elf:3:    elf_hall_gauntlet_wide, layout_geoelf_octagon, serial_shops, shop,
          ebering_dispersal_statue_hall
Vaults:1: v_misc_22, nicolae_vaults_statue_guard, hangedman_vaults_cutoff,
          nicolae_vaults_asterisk, ontoclasm_vaults_ring_small,
          nicolae_vaults_rhombus_7, nicolae_vaults_big_ls, vaults_mumra_hex,
          v_misc_25, serial_ice_m, v_misc_4, v_pattern_5, vaults_dpeg_hooks,
          layout_vaults_big_room, serial_shops, shop_fountains
Vaults:2: v_misc_30, v_misc_24, v_misc_28, v_misc_13, vaults_room_octagon,
          v_alt_pattern_3, ontoclasm_vaults_chip, v_misc_3,
          vaults_standard_mumra_x, nicolae_vaults_little_squares_1,
          ontoclasm_vaults_shuriken, dpeg_vaults_monster_box,
          nicolae_vaults_little_squares_3, layout_vaults_omnicross, uniq_mennas
Vaults:3: portal_desolation_entry_garden, nicolae_vaults_puzzle_piece,
          v_alt_pattern_6, hangedman_vaults_nails, nicolae_vaults_puzzle_piece,
          ontoclasm_vaults_chip, hangedman_vaults_locks, vaults_dpeg_ring,
          nicolae_vaults_circle_grid_b, ontoclasm_vaults_gateway,
          ontoclasm_vaults_ligature, nicolae_vaults_diagonal_hallway_6,
          grunt_vaults_hallway_short, layout_vaults_ring,
          blue_anna_dwarven_crypt, uniq_xtahua
Vaults:4: ontoclasm_vaults_idyll, vaults_room_grunt_arrival_checkpoint,
          nicolae_vaults_stairing_the_circle, nicolae_vaults_mini_display_case,
          v_misc_29, vaults_standard_mumra_lines, nicolae_vaults_ninety_degrees,
          st_spiral_rooms, nicolae_vaults_theta, vaults_room_pools,
          layout_vaults_omnigrid, serial_hangedman_research
Vaults:5
Crypt:1:  layout_gridlike, serial_corexii_hall, corexii_hall_statues_l,
          corexii_hall_statues_i, chequers_hall_statues_y,
          chequers_hall_statues_y, grunt_crypt_arrival_guarded_gate
Crypt:2:  layout_chaotic_city
Crypt:3:  due_elkab, layout_chaotic_city, tomb_entry_forgotten_bobbens,
          uniq_zenata, uniq_grunn, uniq_khufu
Depths:1: layout_roguey, hellmouth_2, minmay_misc_feat_roman, horrible_house_mu,
          serial_bayou_shore_a
Depths:2: minmay_imperfect_grid, layout_basic,
          nicolae_abyss_entry_one_way_or_another, rand_demon_pan_entry_8,
          hell_entry, drop_trap, moated_statue, minmay_staircase_windowed_large
Depths:3: hangedman_elemental_death_ray, layout_honeycomb,
          minmay_room_of_horrors, nicolae_concentric_dashed_squares_wild,
          rand_demon_pan_entry_7, hell_entry, chequers_serial_rivers_small_3,
          nicolae_stop_n_shop_2, evilmike_butchery,
          infiniplex_staircase_door_maze, uniq_saint_roka, uniq_vv
Depths:4: grunt_crosshair, layout_gridlike, enter_ziggurat_c,
          rand_demon_pan_entry_9, serial_shops, nicolae_square_shop, shop,
          nicolae_shop_waterfront, minmay_misc_feat_tiny,
          hangedman_abyss_entry_splay, hell_entry
Zot:1:    gammafunk_the_bubble [the_bubble_gammafunk_plus_minus],
          layout_misc_corridors, lemuel_flame_loot_1

Notes
Turn   | Place    | Note
-------+----------+-------------------------------------------
     0 | D:1      | Sobieck the Mummy Fire Elementalist began the quest for the
                  | Orb.
     0 | D:1      | Reached XP level 1. HP: 13/13 MP: 4/4
   159 | D:1      | Reached skill level 1 in Conjurations
   320 | D:1      | Reached skill level 3 in Spellcasting
   320 | D:1      | Reached XP level 2. HP: 19/19 MP: 4/6
   537 | D:1      | Found Warogack's Antique Weapon Shoppe.
   589 | D:1      | You pick up a book of Iron and begin reading...
   589 | D:1      | You add the spells Animate Armour and Iron Shot to your
                  | library.
   688 | D:1      | Found a faded altar of an unknown god.
   703 | D:1      | Found Ytelen's Weapon Shop.
   820 | D:1      | Found Hud Icesk's Distillery.
  1043 | D:1      | Learned a level 2 spell: Scorch
  1056 | D:1      | Gained mutation: You are in touch with the powers of death.
                  | [Mummy growth]
  1056 | D:1      | Reached XP level 3. HP: 24/24 MP: 3/7
  1414 | D:2      | Found a blossoming altar of Fedhas.
  1753 | D:2      | Reached skill level 3 in Fire Magic
  2102 | D:2      | You pick up a book of Chaos and begin reading...
  2102 | D:2      | You add the spells Conjure Ball Lightning, Disjunction and
                  | Discord to your library.
  2252 | D:2      | Reached XP level 4. HP: 10/30 MP: 1/9
  2617 | D:2      | Reached skill level 2 in Conjurations
  2620 | D:2      | Reached skill level 4 in Spellcasting
  2771 | D:2      | Found Kuakun Bemu's Magic Scroll Emporium.
  2778 | D:2      | Bought a scroll of identify for 22 gold pieces
  2778 | D:2      | Bought a scroll of magic mapping for 82 gold pieces
  2911 | D:3      | Found a radiant altar of Vehumet.
  3004 | D:3      | Became a worshipper of Vehumet
  3214 | D:3      | Reached XP level 5. HP: 35/35 MP: 6/11
  3299 | D:3      | You pick up a book of Debilitation and begin reading...
  3299 | D:3      | You add the spells Slow, Vampiric Draining and Confusing
                  | Touch to your library.
  4016 | D:3      | Found an ancient bone altar of Kikubaaqudgha.
  4085 | D:4      | Noticed Natasha
  4085 | D:4      | Noticed a black bear
  4085 | D:4      | Found a hide-covered altar of Uskayaw.
  4143 | D:4      | Reached * piety under Vehumet
  4143 | D:4      | Offered knowledge of Shock by Vehumet.
  4415 | D:4      | You pick up a book of Conjurations {@e2} and begin
                  | reading...
  4415 | D:4      | You add the spells Magic Dart, Searing Ray and Fulminant
                  | Prism to your library.
  4517 | D:4      | Killed Natasha
  4639 | D:4      | Killed a black bear
  4640 | D:4      | Reached skill level 5 in Spellcasting
  4640 | D:4      | Reached XP level 6. HP: 41/41 MP: 1/13
  4661 | D:4      | Reached skill level 3 in Conjurations
  4905 | D:4      | Noticed Natasha
  4909 | D:4      | Killed Natasha
  4910 | D:4      | Reached skill level 4 in Fire Magic
  5234 | D:4      | Noticed Natasha
  5246 | D:4      | Killed Natasha
  5327 | D:4      | Found a shimmering altar of Xom.
  5330 | D:4      | Found a radiant altar of Vehumet.
  5330 | D:4      | Found a radiant altar of Vehumet.
  5332 | D:4      | Found a hazy altar of Hepliaklqana.
  5332 | D:4      | Found a bloodstained altar of Trog.
  5377 | D:4      | Reached XP level 7. HP: 46/46 MP: 10/15
  5520 | D:5      | Entered Level 5 of the Dungeon
  5600 | D:5      | You add the spells Passwall and Simulacrum to your library.
  5600 | D:5      | Got Reoveog's Notes on the Gestalt and the Mortuary
  5662 | D:5      | Offered knowledge of Momentum Strike by Vehumet.
  5662 | D:5      | Reached ** piety under Vehumet
  5875 | D:5      | Reached skill level 6 in Spellcasting
  6013 | D:5      | Identified the +1 helmet of the Purple Skies {rN+ Will+}
  6024 | D:5      | Found a staircase to the Ecumenical Temple.
  6174 | D:5      | Reached skill level 4 in Conjurations
  6544 | D:6      | Reached skill level 5 in Fire Magic
  6549 | D:6      | Reached XP level 8. HP: 52/52 MP: 9/18
  6612 | D:6      | Reached skill level 7 in Spellcasting
  6627 | D:6      | Found a glowing drain.
  6682 | Sewer    | Entered a sewer
  6917 | Sewer    | Offered knowledge of Ignite Poison by Vehumet.
  6994 | Sewer    | Learned a level 3 spell: Ignite Poison
  7018 | Sewer    | Reached *** piety under Vehumet
  7136 | Sewer    | You pick up a book of Decay and begin reading...
  7136 | Sewer    | You add the spells Cigotuvi's Dreadful Rot, Dispel Undead
                  | and Death Channel to your library.
  7214 | D:6      | Offered knowledge of Stone Arrow by Vehumet.
  7364 | D:6      | Learned a level 3 spell: Stone Arrow
  7428 | D:6      | Noticed a hornet
  7436 | D:6      | Killed a hornet
  7437 | D:6      | Reached skill level 5 in Conjurations
  7445 | D:6      | Reached skill level 8 in Spellcasting
  7641 | D:6      | Reached skill level 6 in Fire Magic
  7719 | D:6      | Reached XP level 9. HP: 57/57 MP: 17/21
  7900 | D:6      | You pick up a book of Ice and begin reading...
  7900 | D:6      | You add the spells Freezing Cloud and Polar Vortex to your
                  | library.
  7908 | D:6      | Noticed Grinder
  7914 | D:6      | Killed Grinder
  8130 | D:6      | Found a sparkling altar of Nemelex Xobeh.
  8133 | D:6      | Reached **** piety under Vehumet
  8280 | D:6      | Reached skill level 9 in Spellcasting
  8409 | D:6      | Offered knowledge of Airstrike by Vehumet.
  8410 | D:6      | Reached skill level 6 in Conjurations
  8529 | D:6      | Found a hazy altar of Hepliaklqana.
  9573 | D:7      | Reached skill level 7 in Fire Magic
  9708 | D:7      | Found a bloodstained altar of Trog.
  9780 | D:7      | Identified 3 scrolls of acquirement
  9804 | D:7      | Reached skill level 10 in Spellcasting
  9842 | D:6      | Acquired the +2 shield of Resistance {rF++ rC++ Will++}
  9842 | D:6      | Found the +2 shield of Resistance {rF++ rC++ Will++}
  9850 | D:6      | Acquired a book of Fire
  9853 | D:6      | You pick up a book of Fire and begin reading...
  9853 | D:6      | You add the spells Fireball and Starburst to your library.
  9854 | D:6      | Acquired the scarf of the Original Sin {shadows, rN+ Dex+3}
  9873 | D:6      | Learned a level 5 spell: Fireball
 10044 | D:7      | Reached ***** piety under Vehumet
 10046 | D:7      | Reached skill level 1 in Shields
 10121 | D:7      | Noticed a two-headed ogre
 10121 | D:7      | Noticed a troll
 10427 | D:7      | Killed a troll
 10428 | D:7      | Reached skill level 7 in Conjurations
 10428 | D:7      | Reached XP level 10. HP: 63/63 MP: 13/24
 10494 | D:7      | Offered knowledge of Orb of Destruction by Vehumet.
 10503 | D:7      | Killed a two-headed ogre
 10504 | D:7      | Reached skill level 2 in Shields
 10847 | D:8      | Noticed Amaemon
 10849 | D:8      | Noticed an orange demon
 10852 | D:8      | Killed Amaemon
 10853 | D:8      | Reached skill level 3 in Shields
 11140 | D:8      | Reached skill level 8 in Fire Magic
 11143 | D:8      | Killed an orange demon
 11307 | D:8      | Learned a level 7 spell: Orb of Destruction
 11422 | D:8      | Identified the +3 leather armour "Jeurr" {rC+}
 11607 | D:8      | Found a shimmering blue altar of Sif Muna.
 11722 | D:8      | You pick up a book of Spatial Translocations and begin
                  | reading...
 11722 | D:8      | You add the spells Blink, Momentum Strike and Lesser
                  | Beckoning to your library.
 12250 | D:9      | Reached skill level 4 in Shields
 12250 | D:9      | Reached skill level 8 in Conjurations
 13007 | D:9      | Found Goegecw's Antique Armour Emporium.
 13186 | D:9      | Reached XP level 11. HP: 68/68 MP: 12/25
 13688 | D:10     | Entered Level 10 of the Dungeon
 13709 | D:10     | You pick up a book of Fire and begin reading...
 13917 | D:10     | Reached skill level 5 in Shields
 14129 | D:10     | Reached skill level 9 in Fire Magic
 14129 | D:10     | Offered knowledge of Irradiate by Vehumet.
 14164 | D:10     | Learned a level 5 spell: Irradiate
 14524 | D:10     | Found a sacrificial altar of Ru.
 14524 | D:10     | Found a snail-covered altar of Cheibriados.
 14524 | D:10     | Found an ornate altar of the Wu Jian Council.
 14862 | D:10     | Reached skill level 1 in Transmutations
 14975 | D:10     | Noticed Urug
 14992 | D:10     | Killed Urug
 15421 | D:10     | You pick up a book of Maledictions and begin reading...
 15421 | D:10     | You add the spells Anguish and Enfeeble to your library.
 15476 | D:11     | Noticed Lodul
 15529 | D:11     | Reached skill level 2 in Transmutations
 15659 | D:11     | Killed Lodul
 15660 | D:11     | Reached skill level 9 in Conjurations
 15661 | D:11     | Noticed Sonja
 15775 | D:11     | Killed Sonja
 15778 | D:11     | Noticed Erica
 16069 | D:11     | Noticed Nergalle
 16207 | D:10     | Noticed a spectral orc warlord
 16335 | D:10     | Killed Nergalle
 16336 | D:10     | Reached skill level 6 in Shields
 16336 | D:10     | Reached skill level 3 in Transmutations
 16668 | D:2      | Bought a scroll of amnesia for 44 gold pieces
 18345 | D:11     | Found a staircase to the Orcish Mines.
 18675 | D:11     | Killed Erica
 18676 | D:11     | Reached XP level 12. HP: 74/74 MP: 12/26
 19108 | D:11     | Found a staircase to the Lair.
 19224 | D:11     | Offered knowledge of Ozocubu's Refrigeration by Vehumet.
 19229 | D:11     | Reached skill level 4 in Transmutations
 19532 | D:11     | Reached skill level 10 in Fire Magic
 19894 | D:12     | Noticed Frances
 20213 | D:11     | Killed Frances
 20511 | Lair:1   | Entered Level 1 of the Lair of Beasts
 20518 | Lair:1   | Reached skill level 7 in Shields
 20649 | Lair:1   | Reached skill level 10 in Conjurations
 20649 | Lair:1   | Reached skill level 5 in Transmutations
 20788 | Lair:1   | Reached skill level 1 in Fighting
 21125 | Lair:1   | Reached skill level 2 in Fighting
 21299 | Lair:1   | You pick up a book of Flames and begin reading...
 22867 | Lair:2   | Reached skill level 3 in Fighting
 23399 | Lair:3   | Found a staircase to the Snake Pit.
 23581 | Lair:3   | Noticed a seven-headed hydra
 23588 | Lair:3   | Killed a seven-headed hydra
 23589 | Lair:3   | Reached skill level 11 in Spellcasting
 23589 | Lair:3   | Gained mutation: You are strongly in touch with the powers
                  | of death. [Mummy growth]
 23589 | Lair:3   | Reached XP level 13. HP: 88/88 MP: 10/28
 23849 | Lair:2   | Reached skill level 4 in Fighting
 23970 | Lair:3   | Learned a level 4 spell: Flame Wave
 23977 | Lair:3   | Learned a level 6 spell: Starburst
 24168 | Lair:3   | Offered knowledge of Lee's Rapid Deconstruction by Vehumet.
 24712 | Lair:3   | Identified the +1 leather armour "Vuem" {Will+ Int+2 Dex+3}
 25174 | Lair:3   | Reached skill level 5 in Fighting
 25270 | Lair:3   | You pick up a book of Fire and begin reading...
 25318 | Lair:3   | Found a staircase to the Swamp.
 25922 | Lair:4   | Reached skill level 11 in Conjurations
 25922 | Lair:4   | Reached skill level 11 in Fire Magic
 26197 | Lair:3   | Reached skill level 12 in Spellcasting
 26441 | Lair:3   | Reached skill level 6 in Fighting
 26643 | Lair:4   | You add the spells Sting, Poisonous Vapours and Olgreb's
                  | Toxic Radiance to your library.
 26998 | Lair:4   | Identified the +3 leather armour of Ennui {rElec rF+++ rC-
                  | rCorr}
 27237 | Lair:5   | Entered Level 5 of the Lair of Beasts
 27774 | Lair:5   | Reached XP level 14. HP: 84/100 MP: 16/30
 27909 | Lair:5   | Reached skill level 13 in Spellcasting
 27991 | Lair:4   | Noticed Nessos
 28003 | Lair:4   | Killed Nessos
 28605 | Lair:5   | Reached skill level 12 in Fire Magic
 28614 | Lair:5   | Offered knowledge of Plasma Beam by Vehumet.
 28615 | Lair:5   | Reached skill level 12 in Conjurations
 28621 | Lair:5   | Learned a level 6 spell: Plasma Beam
 29951 | Lair:5   | You pick up a book of Conjurations {@e2} and begin
                  | reading...
 30263 | Lair:5   | Found a viscous altar of Jiyva.
 30264 | Lair:5   | Found a staircase to the Slime Pits.
 30470 | Orc:1    | Entered Level 1 of the Orcish Mines
 30516 | Orc:1    | Found a frozen archway.
 30728 | IceCv    | Entered an ice cave
 31710 | IceCv    | Offered knowledge of Spellforged Servitor by Vehumet.
 32106 | IceCv    | Noticed a frost giant
 32109 | IceCv    | Reached skill level 13 in Conjurations
 32109 | IceCv    | Reached skill level 13 in Fire Magic
 32329 | IceCv    | Killed a frost giant
 32885 | Orc:1    | Found Qariucky's Weapon Boutique.
 33007 | Orc:2    | Entered Level 2 of the Orcish Mines
 33210 | Orc:2    | Noticed an orc warlord
 33286 | Orc:1    | Killed an orc warlord
 33287 | Orc:1    | Reached skill level 14 in Spellcasting
 33625 | Orc:2    | Reached XP level 15. HP: 96/105 MP: 15/33
 33891 | Orc:2    | Found a staircase to the Elven Halls.
 34098 | Orc:2    | Reached ****** piety under Vehumet
 34098 | Orc:2    | Offered knowledge of Ignition by Vehumet.
 34637 | Orc:2    | Found Motoocac's Antique Weapon Boutique.
 34638 | Orc:2    | Found Wobbaiwa's Book Shop.
 34640 | Orc:2    | Found Adghoideh's Assorted Antiques.
 34647 | Orc:2    | Found Dufatuah's Armour Boutique.
 35453 | D:12     | Reached skill level 15 in Spellcasting
 36341 | D:13     | Noticed Snorg
 36346 | D:13     | Killed Snorg
 36352 | D:13     | Reached skill level 16 in Spellcasting
 36361 | D:13     | Learned a level 8 spell: Ignition
 36493 | D:13     | You pick up a book of Vapours and begin reading...
 37309 | D:13     | Found a gate to the Vaults.
 37788 | D:14     | Noticed Louise
 37796 | D:14     | Killed Louise
 38244 | D:14     | Reached skill level 14 in Fire Magic
 38717 | D:14     | Offered knowledge of Shatter by Vehumet.
 38717 | D:14     | Offered knowledge of Chain Lightning by Vehumet.
 38717 | D:14     | Offered knowledge of Maxwell's Capacitive Coupling by
                  | Vehumet.
 39127 | D:14     | Found a portal to a secret trove of treasure.
 39132 | D:14     | You fall into a shaft and drop 1 floor!
 39132 | D:15     | Entered Level 15 of the Dungeon
 39859 | D:15     | You pick up a book of Vapours and begin reading...
 40172 | D:15     | HP: 20/105 [cyclops/large rock (45)]
 41217 | D:15     | Reached skill level 15 in Fire Magic
 41756 | D:15     | Reached XP level 16. HP: 111/111 MP: 7/36
 42215 | D:15     | Found a staircase to the Depths.
 42907 | Snake:1  | Entered Level 1 of the Snake Pit
 43861 | Snake:1  | Reached skill level 16 in Fire Magic
 44103 | Snake:1  | You pick up a book of Conjurations {@e2} and begin
                  | reading...
 45766 | Snake:2  | Reached skill level 17 in Fire Magic
 45851 | Snake:2  | Found a shimmering altar of Xom.
 46275 | Snake:2  | You fall into a shaft and drop 1 floor!
 47932 | Snake:3  | Noticed Aizul
 47946 | Snake:3  | Killed Aizul
 49171 | Snake:3  | Got the Encyclopedia of Detritus and the Welkin
 49507 | Snake:3  | Reached XP level 17. HP: 117/117 MP: 22/37
 49739 | Snake:4  | Entered Level 4 of the Snake Pit
 50123 | Snake:4  | Reached skill level 18 in Fire Magic
 51159 | Snake:4  | Reached skill level 2 in Dodging
 52278 | Snake:4  | Reached skill level 3 in Dodging
 52609 | D:9      | Bought a glowing robe for 107 gold pieces
 53155 | Snake:4  | Reached skill level 7 in Fighting
 54363 | Snake:4  | Got a serpentine rune of Zot
 54615 | Elf:1    | Entered Level 1 of the Elven Halls
 54870 | Elf:1    | Reached skill level 4 in Dodging
 54964 | Elf:1    | Reached skill level 8 in Shields
 55809 | Elf:1    | Found Ihegox's Antique Armour Shoppe.
 55818 | Elf:1    | Bought a ripped robe for 136 gold pieces
 55818 | Elf:1    | Identified the +1 robe of the Vacuum {rPois} (You bought it
                  | in a shop on level 1 of the Elven Halls)
 56091 | Elf:1    | Reached skill level 8 in Fighting
 57188 | Elf:2    | Reached XP level 18. HP: 109/129 MP: 37/38
 57190 | Elf:2    | Reached skill level 5 in Dodging
 57590 | Elf:2    | Found a runed translucent gate.
 57591 | Elf:2    | Found a runed translucent gate.
 57591 | Elf:2    | Found a runed translucent gate.
 57672 | Elf:2    | HP: 32/130 [+3 glaive of venom (7)]
 57871 | Elf:2    | Found Buco's General Store.
 58305 | Elf:1    | Found a shimmering blue altar of Sif Muna.
 58335 | Elf:3    | Entered Level 3 of the Elven Halls
 58372 | Elf:3    | Found Qiylyvin's Antique Weapon Shoppe.
 59122 | Elf:3    | Reached skill level 9 in Fighting
 59122 | Elf:3    | Reached skill level 9 in Shields
 59122 | Elf:3    | Reached skill level 14 in Conjurations
 59166 | Elf:3    | Paralysed by an air elemental for 1 turns
 59541 | Elf:3    | Noticed a Brimstone Fiend
 59587 | Elf:3    | Identified the +6 trident "Death Rattle" {distort, rElec
                  | Str+4 Dex+2}
 59587 | Elf:3    | Identified the ring "Cixt" {Fly rPois Will- Str+3}
 59742 | Elf:3    | Reached skill level 17 in Spellcasting
 59820 | Elf:3    | Identified the +12 glaive "Ulivur" {pain, rN+ Will+ Int+8
                  | Dex-2}
 60145 | Elf:3    | You add the spells Kiss of Death, Iskenderun's Battlesphere
                  | and Lehudib's Crystal Spear to your library.
 60145 | Elf:3    | Got the Notes on Injury
 60155 | Elf:3    | You pick up a book of the Spheres and begin reading...
 60157 | Elf:3    | Identified the staff of death "Hydgh" {rN+ Stlth+}
 60166 | Elf:3    | You pick up a book of Minor Magic and begin reading...
 60206 | Elf:3    | Identified the +6 morningstar of the Lame Duck {flame,
                  | rCorr}
 60353 | Elf:3    | You pick up a book of Spectacle and begin reading...
 60353 | Elf:3    | You add the spells Dazzling Flash and Iskenderun's Mystic
                  | Blast to your library.
 60365 | Elf:3    | Identified the +1 scale mail of the Pit {rF+ Str+5 Int-3}
 60650 | Swamp:1  | Entered Level 1 of the Swamp
 60720 | Swamp:1  | Reached skill level 18 in Spellcasting
 61112 | Swamp:1  | Reached skill level 1 in Earth Magic
 61739 | Swamp:2  | Reached skill level 2 in Earth Magic
 62687 | Swamp:2  | Reached skill level 3 in Earth Magic
 62921 | Swamp:3  | Found a transporter.
 62924 | Swamp:3  | Noticed Kacaoki's ghost (adept MiBe)
 62941 | Swamp:3  | Found a transporter.
 63035 | Swamp:3  | Noticed Nikola
 63185 | Swamp:3  | Killed Nikola
 63464 | Swamp:3  | Reached skill level 19 in Spellcasting
 63542 | Swamp:3  | Reached skill level 4 in Earth Magic
 63873 | Swamp:4  | Entered Level 4 of the Swamp
 63932 | Swamp:4  | Identified the +9 short sword "Vouceq" {vamp, Int+3}
 63998 | Swamp:4  | Reached skill level 5 in Earth Magic
 63998 | Swamp:4  | Reached XP level 19. HP: 138/138 MP: 36/42
 64542 | Snake:2  | Learned a level 6 spell: Iron Shot
 64718 | Swamp:4  | Reached skill level 6 in Earth Magic
 65657 | Swamp:4  | Reached skill level 7 in Earth Magic
 65940 | Swamp:4  | Noticed a bone dragon
 65950 | Swamp:4  | Killed a bone dragon
 66180 | Swamp:4  | Got a decaying rune of Zot
 66488 | Vaults:1 | Entered Level 1 of the Vaults
 66625 | Vaults:1 | Found Fon Xiro's Assorted Antiques.
 66632 | Vaults:1 | Bought a scroll labelled KUBINA KOZEZ for 23 gold pieces
 66635 | Vaults:1 | Bought a runed demon blade for 414 gold pieces
 66707 | D:14     | This trove needs a +7 demon blade to function. Give it the
                  | item?
 66712 | D:14     | This trove needs a +7 demon blade to function. Give it the
                  | item?
 66712 | D:14     | You paid a toll of a +7 demon blade to enter a treasure
                  | trove
 66713 | Trove    | Entered a treasure trove
 66715 | Trove    | Found a bloodstained altar of Trog.
 66729 | Trove    | Identified the +10 quick blade of Hard Scrabble {freeze,
                  | Int+4 Dex+4}
 66730 | Trove    | u - the +10 quick blade of Hard Scrabble {freeze, Int+4
                  | Dex+4, shortrare=g}
 66748 | Trove    | Found the +8 longbow "Zephyr" {speed, Dex+3 SInv}
 66750 | Trove    | Identified the +3 dagger "Qampeiqyx" {antimagic, Str+4
                  | SInv}
 66757 | Trove    | Identified the +10 long sword of the Wolf {drain, *Noise
                  | rPois rC+ Will+}
 66781 | Trove    | Identified the +1 war axe of Honour {venom, rF+++ Str-2
                  | Dex+3}
 66783 | Trove    | Identified the +8 hand axe of the Whale {speed, rF+ rN+}
 66790 | Trove    | Identified the +4 glaive of Imyreme {freeze, +Blink Int+4
                  | Stlth+}
 66851 | Trove    | the +10 quick blade of Hard Scrabble {freeze, Int+4 Dex+4,
                  | shortrare=g} glows with a cold blue light!
 66851 | Trove    | u - the +10 quick blade of Hard Scrabble (weapon) {freeze,
                  | Int+4 Dex+4, shortrare=g}
 67222 | Vaults:1 | Reached skill level 8 in Earth Magic
 67945 | Vaults:1 | Your damage rating with the +10 quick blade of Hard
                  | Scrabble {freeze, Int+4 Dex+4, shortrare=g} is about 15
                  | (Base 4 x 122% (Dex) x 115% (Skill) + 10 (Ench)).
 68109 | Vaults:1 | Reached skill level 9 in Earth Magic
 68478 | Vaults:1 | Reached skill level 10 in Earth Magic
 68811 | Vaults:1 | the +10 quick blade of Hard Scrabble {freeze, Int+4 Dex+4,
                  | shortrare=g} stops glowing.
 69320 | Vaults:2 | Reached skill level 11 in Earth Magic
 70032 | Vaults:2 | Reached XP level 20. HP: 144/144 MP: 43/43
 70056 | Vaults:2 | Reached skill level 12 in Earth Magic
 70554 | Vaults:2 | Noticed Mennas
 71286 | Vaults:3 | Reached skill level 13 in Earth Magic
 71599 | Vaults:3 | Found a staircase to the Crypt.
 71857 | Vaults:3 | Noticed Xtahua
 71864 | Vaults:3 | Killed Xtahua
 72494 | Vaults:3 | Reached skill level 14 in Earth Magic
 73795 | Vaults:4 | Reached skill level 15 in Earth Magic
 74955 | Crypt:1  | Entered Level 1 of the Crypt
 76003 | Crypt:1  | Reached XP level 21. HP: 150/150 MP: 36/44
 76433 | Crypt:1  | You pick up a book of Unlife and begin reading...
 76433 | Crypt:1  | You add the spells Animate Dead and Borgnjor's Vile Clutch
                  | to your library.
 76502 | Crypt:1  | You pick up a book of Necromancy and begin reading...
 76502 | Crypt:1  | You add the spells Necrotise and Agony to your library.
 76509 | Crypt:1  | Learned a level 5 spell: Borgnjor's Vile Clutch
 76538 | Crypt:1  | Reached skill level 16 in Earth Magic
 77049 | Crypt:2  | Noticed a curse skull
 77051 | Crypt:2  | Killed a curse skull
 77312 | Crypt:2  | HP: 34/150 [caustic shrike simulacrum[a necromancer] (14)]
 78643 | Crypt:2  | Reached skill level 17 in Earth Magic
 78961 | Crypt:3  | Entered Level 3 of the Crypt
 79524 | Crypt:3  | Noticed Zenata
 79532 | Crypt:2  | Killed Zenata
 80322 | Crypt:3  | Found a staircase to the Tomb.
 80578 | Crypt:3  | Reached skill level 18 in Earth Magic
 80763 | Crypt:3  | Grunn the Punished comes into view. He is wielding the +13
                  | scythe of Curses {drain, curses, Drain}.
 80763 | Crypt:3  | Noticed Grunn
 80764 | Crypt:3  | Aim: Grunn, wielding the +13 scythe of Curses {drain,
                  | curses, Drain} and wearing a +0 animal skin (wandering,
                  | hasn't noticed you)
 80764 | Crypt:3  | Aim: Grunn, wielding the +13 scythe of Curses {drain,
                  | curses, Drain} and wearing a +0 animal skin (wandering,
                  | hasn't noticed you)
 80765 | Crypt:3  | Aim: Grunn, wielding the +13 scythe of Curses {drain,
                  | curses, Drain} and wearing a +0 animal skin (ally target)
 80765 | Crypt:3  | Aim: Grunn, wielding the +13 scythe of Curses {drain,
                  | curses, Drain} and wearing a +0 animal skin (ally target)
 80766 | Crypt:3  | Aim: Grunn, wielding the +13 scythe of Curses {drain,
                  | curses, Drain} and wearing a +0 animal skin (moderately
                  | damaged, ally target)
 80766 | Crypt:3  | Aim: Grunn, wielding the +13 scythe of Curses {drain,
                  | curses, Drain} and wearing a +0 animal skin (moderately
                  | damaged, ally target)
 80767 | Crypt:3  | Aim: Grunn, wielding the +13 scythe of Curses {drain,
                  | curses, Drain} and wearing a +0 animal skin (magical
                  | condensation, heavily damaged, ally target)
 80767 | Crypt:3  | Aim: Grunn, wielding the +13 scythe of Curses {drain,
                  | curses, Drain} and wearing a +0 animal skin (magical
                  | condensation, heavily damaged, ally target)
 80768 | Crypt:3  | Aim: Grunn, wielding the +13 scythe of Curses {drain,
                  | curses, Drain} and wearing a +0 animal skin (magical
                  | condensation, almost destroyed)
 80768 | Crypt:3  | Aim: Grunn, wielding the +13 scythe of Curses {drain,
                  | curses, Drain} and wearing a +0 animal skin (magical
                  | condensation, almost destroyed)
 80768 | Crypt:3  | Killed Grunn
 81028 | Crypt:3  | Noticed Khufu
 81052 | Crypt:3  | Killed Khufu
 81134 | Crypt:3  | Noticed a royal mummy
 81146 | Crypt:3  | Killed a royal mummy
 81694 | Crypt:3  | Reached XP level 22. HP: 157/157 MP: 39/45
 81787 | Crypt:3  | Reached skill level 19 in Earth Magic
 81817 | Crypt:2  | Learned a level 9 spell: Shatter
 82278 | Crypt:3  | Found the +0 pair of fencer's gloves {Riposte Dex+3}
 82642 | Crypt:3  | You pick up a book of Spectacle and begin reading...
 82646 | Crypt:3  | You pick up a book of Weapons and begin reading...
 82646 | Crypt:3  | You add the spells Tukima's Dance and Portal Projectile to
                  | your library.
 82664 | Crypt:3  | You pick up a book of Fire and begin reading...
 82883 | Vaults:1 | Identified the +1 helmet "Rodoon" {rC+ Str+3 Int+6 Dex+3}
 83022 | Depths:1 | Entered Level 1 of the Depths
 84063 | Depths:1 | You pick up a book of the Moon and begin reading...
 84063 | Depths:1 | You add the spells Passage of Golubria and Silence to your
                  | library.
 84281 | Depths:1 | Reached skill level 20 in Earth Magic
 84478 | Depths:1 | You drop the +10 quick blade of Hard Scrabble {freeze,
                  | Int+4 Dex+4, shortrare=g}.
 84479 | Depths:1 | u - the +10 quick blade of Hard Scrabble {freeze, Int+4
                  | Dex+4, shortrare=g}
 84480 | Depths:1 | You drop the +10 quick blade of Hard Scrabble {freeze,
                  | Int+4 Dex+4, shortrare=g}.
 84483 | Depths:1 | m - the +10 quick blade of Hard Scrabble {freeze, Int+4
                  | Dex+4, shortrare=g}
 85087 | Depths:1 | Found a gateway to Hell.
 85697 | Depths:2 | You pick up a book of Weapons and begin reading...
 85991 | Depths:2 | Reached skill level 21 in Earth Magic
 86292 | Depths:2 | Found a one-way gate leading to the halls of Pandemonium.
 86311 | Depths:2 | Found a one-way gate to the infinite horrors of the Abyss.
 87585 | Depths:2 | You fall into a shaft and drop 1 floor!
 87592 | Depths:3 | Noticed Saint Roka
 87595 | Depths:3 | Killed Saint Roka
 87596 | Depths:3 | Reached XP level 23. HP: 130/162 MP: 46/46
 87615 | Depths:3 | Paralysed by a floating eye for 3 turns
 88291 | Depths:3 | Reached skill level 22 in Earth Magic
 88408 | Depths:3 | Found Sicew's Antique Weapon Boutique.
 88835 | Depths:3 | Upgraded the game from 0.30-a0-989-g0d87f670db to
                  | 0.30-a0-996-ga6910c8ee8
 88890 | Depths:3 | Noticed Vv
 88892 | Depths:3 | Identified the +10 hand axe of the Bequeathed God {spect,
                  | rPois}
 88893 | Depths:3 | Killed Vv
 88964 | Depths:3 | Identified the +4 hand axe of the Lame Duck {freeze, Str+5}
 90022 | Depths:4 | Entered Level 4 of the Depths
 90179 | Depths:4 | Found Wioc's Assorted Antiques.
 90265 | Depths:4 | Bought a scroll of teleportation for 75 gold pieces
 90945 | Depths:4 | Found Arroqai's Armour Boutique.
 91413 | Depths:4 | Found a gate to the Realm of Zot.
 91508 | Depths:4 | You drop the +10 quick blade of Hard Scrabble {freeze,
                  | Int+4 Dex+4, shortrare=g}.
 91515 | Depths:4 | the +10 quick blade of Hard Scrabble {freeze, Int+4 Dex+4,
                  | shortrare=g}; a +0 dagger {short}
 91515 | Depths:4 | Could not pick up the +10 quick blade of Hard Scrabble
                  | {freeze, Int+4 Dex+4, shortrare=g} here; ([A]lways) ignore
                  | it?
 91568 | Depths:4 | +0 shadow dragon scales {rare}; a shadow dragon corpse
 91568 | Depths:4 | +0 shadow dragon scales {rare}; a shadow dragon corpse
 91568 | Depths:4 | Could not pick up +0 shadow dragon scales {rare} here;
                  | ([A]lways) ignore it?
 91590 | Depths:4 | +0 shadow dragon scales {rare}; a shadow dragon corpse
 91617 | Depths:4 | Reached skill level 23 in Earth Magic
 91655 | Depths:4 | You pick up a book of the Dragon and begin reading...
 91655 | Depths:4 | You add the spells Cause Fear and Dragon's Call to your
                  | library.
 91913 | Depths:4 | Found a one-way gateway to a ziggurat.
 91985 | Depths:4 | Found Doil Eph's Weapon Shop.
 92536 | Vaults:5 | Entered Level 5 of the Vaults
 92539 | Vaults:5 | Reached skill level 6 in Dodging
 92540 | Vaults:5 | Reached skill level 7 in Dodging
 92549 | Vaults:5 | Noticed an ancient lich
 92551 | Vaults:5 | Killed an ancient lich
 92553 | Vaults:5 | Reached skill level 20 in Spellcasting
 92686 | Vaults:4 | Reached XP level 24. HP: 68/169 MP: 47/47
 92919 | Vaults:5 | HP: 14/169 [disintegration (31)]
 92919 | Vaults:5 | Noticed a dread lich
 92919 | Vaults:5 | Noticed a dread lich
 92924 | Vaults:4 | Reached skill level 21 in Spellcasting
 93277 | Vaults:5 | Killed a dread lich
 93278 | Vaults:5 | Killed a dread lich
 93806 | Vaults:5 | Reached skill level 22 in Spellcasting
 93931 | Vaults:5 | Identified +0 gold dragon scales
 94112 | Vaults:5 | Noticed a dread lich
 94115 | Vaults:5 | Killed a dread lich
 94151 | Vaults:5 | Reached skill level 23 in Spellcasting
 94512 | Vaults:5 | Identified the ring "Inimoy" {Fly Stlth+}
 94576 | Vaults:5 | Identified the +9 broad axe of Nautol {spect, *Corrode rN++
                  | Int+4}
 94585 | Vaults:5 | Got the Enchiridion on Beguiling
 94777 | Vaults:5 | Identified the +12 quarterstaff "Dux Nagu" {elec, rPois rC+
                  | Dex+3}
 94866 | Vaults:5 | Could not pick up +0 gold dragon scales {rare} here;
                  | ([A]lways) ignore it?
 94891 | Vaults:5 | +0 storm dragon scales {rare}; a storm dragon skeleton
 94891 | Vaults:5 | +0 storm dragon scales {rare}; a storm dragon skeleton
 94891 | Vaults:5 | Could not pick up +0 storm dragon scales {rare} here;
                  | ([A]lways) ignore it?
 94922 | Vaults:5 | You pick up a book of Minor Magic and begin reading...
 94924 | Vaults:5 | You pick up a book of the Dragon and begin reading...
 94995 | Vaults:5 | Found Asyesest's Weapon Shoppe.
 95001 | Vaults:5 | You pick up a book of Spatial Translocations and begin
                  | reading...
 95009 | Vaults:5 | Identified the +9 plate armour "Olyiph" {rPois rF- MP+9
                  | Dex+3}
 95019 | Vaults:5 | You add the spells Ensorcelled Hibernation, Spellforged
                  | Servitor and Malign Gateway to your library.
 95019 | Vaults:5 | Got the Annotations on Cooperative Malisons
 95170 | Vaults:5 | Found Uzomul's Distillery.
 95174 | Vaults:5 | Found Zioschub's General Store.
 95177 | Vaults:5 | Got a silver rune of Zot
 95182 | Vaults:5 | Found Ruepsos's Jewellery Shoppe.
 95194 | Vaults:5 | Found Hiux's Jewellery Shop.
 95481 | Vaults:5 | Identified the +4 quarterstaff of Dullness {heavy, rF-
                  | Dex+6}
 95890 | Zot:1    | Entered Level 1 of the Realm of Zot
 95895 | Zot:1    | Reached skill level 24 in Spellcasting
 95896 | Zot:1    | Noticed an ancient lich
 95946 | Depths:4 | HP: 29/169 [death cob (19)]
 96235 | Zot:1    | Noticed a dread lich
 96385 | Depths:4 | Killed a dread lich
 96719 | Zot:1    | HP: 23/169 [green draconian monk (21)]
 96719 | Zot:1    | Killed from afar by an ancient lich

Vanquished Creatures
  4 dread liches
  An ancient lich (Vaults:5)
  A royal mummy (Crypt:3)
  Vv (Depths:3)
  Saint Roka (Depths:3)
  Xtahua (Vaults:3)
  3 golden dragons (Vaults:5)
  Nikola (Swamp:3)
  A bone dragon (Swamp:4)
  2 doom hounds (Crypt:3)
  Zenata (Crypt:2)
  Grunn (Crypt:3)
  A lich (Depths:2)
  2 deep elf blademasters (Elf:3)
  3 quicksilver dragons
  A spectral shard shrike (Crypt:3)
  2 deep elf master archers (Elf:3)
  5 titans
  A walking frostbound tome (Depths:3)
  A walking divine tome (Depths:4)
  6 ancient champions
  12 sphinxes
  Frances (D:11)
  3 death cobs
  A thorn hunter (Swamp:3)
  11 tengu reavers
  5 storm dragons
  6 shadow dragons
  7 nagarajas
  4 revenants
  11 frost giants
  An iron dragon (Vaults:5)
  Aizul (Snake:3)
  Louise (D:14)
  5 deep elf sorcerers
  10 fire giants
  13 vault wardens
  A draconian shifter (Depths:4)
  2 balrugs (Depths:1)
  A curse skull (Crypt:2)
  3 orc warlords
  A draconian annihilator (Depths:4)
  15 very ugly things
  2 deep elf elementalists (Elf:3)
  15 ghouls
  A juggernaut zombie (Crypt:3)
  2 spectral caustic shrikes (Crypt:3)
  16 ironbound preservers
  A cacodemon (Depths:3)
  A juggernaut skeleton (D:15)
  19 stone giants
  4 ironbound thunderhulks
  2 war gargoyles (Vaults:5)
  A green draconian (Depths:4)
  4 vampire knights
  7 bunyips
  2 black draconians (Depths:4)
  9 deep elf demonologists
  Nessos (Lair:4)
  A dire elephant (Vaults:4)
  3 purple draconians (Depths:4)
  A yellow draconian (Depths:4)
  2 red draconians (Depths:4)
  2 eleionomae
  5 deep elf annihilators
  5 spark wasps (Depths:2)
  Snorg (D:13)
  A blizzard demon (Depths:3)
  9 deep elf death magi
  An ettin (shapeshifter) (Vaults:4)
  7 eidola
  An entropy weaver (shapeshifter) (D:13)
  7 fire dragons
  2 crystal guardians (Vaults:3)
  2 entropy weavers
  4 deep elf high priests
  8 jiangshi
  13 ettins
  4 spectral spriggans (Crypt:3)
  9 great orbs of eyes
  A quicksilver dragon zombie (Crypt:1)
  A shambling mangrove (Swamp:1)
  A peacekeeper (Vaults:3)
  6 ice dragons
  A hell beast (Depths:1)
  9 rakshasas
  A spriggan skeleton (Crypt:2)
  A salamander tyrant (Snake:1)
  31 vault guards
  12 yaktaur captains
  Erica (D:11)
  An Orb Guardian zombie (Crypt:1)
  5 spriggan air magi
  2 ogre magi
  15 hydras
  2 caustic shrike simulacra
  14 centaur warriors
  9 ironbound frosthearts
  A boulder beetle (shapeshifter) (Vaults:5)
  10 anacondas
  5 boulder beetles
  4 death knights
  2 spectral stone giants (Crypt:3)
  7 alligators
  10 two-headed ogres
  10 deep troll shamans
  4 tengu warriors
  Urug (D:10)
  15 dancing weapons
  14 death yaks
  3 vampire magi
  9 naga warriors
  6 hell hogs
  13 deep troll earth magi
  An orc high priest (Orc:2)
  8 shock serpents
  Nergalle (D:10)
  9 naga sharpshooters
  2 spectral storm dragons (Crypt:3)
  A hell knight (Depths:1)
  7 deep elf knights
  5 soul eaters
  5 spriggan berserkers
  4 skysharks
  4 sun demons
  33 skeletal warriors
  Sonja (D:11)
  Amaemon (D:8)
  A spectral catoblepas (Crypt:3)
  A sixfirhy (Depths:3)
  3 goliath frogs
  3 shadow wraiths
  A spectral bunyip (Crypt:3)
  11 iron trolls
  Lodul (D:11)
  6 salamander mystics
  11 flayed ghosts
  A ghost moth zombie (Crypt:3)
  5 sea snakes
  3 spriggan druids
  A death drake (Swamp:4)
  2 spectral anacondas (Crypt:3)
  52 deep trolls
  2 glowing orange brains
  16 bog bodies
  5 deep elf archers
  2 orange crystal statues
  10 naga ritualists
  5 wizards
  3 swamp dragons
  4 spectral hydras (Swamp:4)
  18 phantasmal warriors
  21 ironbound convokers
  An iron dragon zombie (Crypt:1)
  7 orc knights
  A shadow dragon zombie (Crypt:1)
  9 necromancers
  A fire giant zombie (Depths:1)
  47 ugly things
  7 harpies (Vaults:3)
  A shadow dragon skeleton (Crypt:2)
  6 lindwurms
  A spectral ettin (Crypt:3)
  19 deep elf pyromancers
  21 mana vipers
  3 cyclopes
  20 deep elf zephyrmancers
  12 salamanders
  2 manticores
  3 frost giant zombies
  A shining eye (Depths:4)
  9 moths of wrath
  2 wolf spiders (Lair:4)
  7 orc sorcerers
  2 spectral centaurs (Crypt:3)
  A stone giant zombie (Crypt:1)
  4 will-o-the-wisps
  A black mamba (shapeshifter) (D:13)
  8 large abominations (Depths:3)
  2 fire giant skeletons
  4 molten gargoyles (D:13)
  2 stone giant skeletons
  6 elephants
  A rust devil (Depths:3)
  An eye of devastation (shapeshifter) (Vaults:5)
  A dire elephant zombie (Crypt:1)
  An eye of devastation (Depths:4)
  39 black mambas
  6 guardian serpents
  17 vault sentinels
  An ice statue (IceCv)
  2 orange demons
  A gargoyle (D:11)
  13 naga magi
  4 smoke demons
  A yellow draconian zombie (Crypt:3)
  A dire elephant skeleton (Crypt:3)
  10 rime drakes
  4 unseen horrors
  12 cane toads
  2 kobold demonologists (D:11)
  7 swamp worm zombies
  12 komodo dragons
  48 yaktaurs
  A tormentor (Depths:3)
  An efreet (D:15)
  An ice devil (Depths:2)
  A minotaur skeleton (Crypt:1)
  A spectral naga (Crypt:3)
  A red devil (Depths:4)
  18 freezing wraiths
  5 tengu conjurers
  5 hydra zombies (Swamp:4)
  8 polar bears
  An iron troll skeleton (Crypt:2)
  A sea snake skeleton (Crypt:3)
  16 hornets
  3 meliai (D:14)
  2 spectral harpies (Crypt:3)
  11 tyrant leeches
  A harpy skeleton (Crypt:1)
  A polar bear (shapeshifter) (Elf:1)
  15 blink frogs
  5 bloated husks
  Grinder (D:6)
  8 trolls
  2 spectral swamp dragons (Swamp:4)
  6 dream sheep
  25 slime creatures
  2 alligator zombies (Swamp:4)
  A stone giant simulacrum (Depths:1)
  4 flying skulls (Crypt:1)
  A spriggan zombie (D:15)
  9 spriggans
  5 air elementals
  A dire elephant simulacrum (Crypt:3)
  An ice dragon skeleton (Crypt:2)
  2 shadows (Crypt:3)
  3 water elementals
  A vampire (D:10)
  A ynoxinul (Depths:4)
  A culicivora (shapeshifter) (Vaults:5)
  A wyvern (shapeshifter) (D:13)
  An ettin skeleton (Crypt:1)
  11 wraiths
  A black mamba skeleton (Crypt:2)
  52 yaks
  A redback (shapeshifter) (Vaults:5)
  A basilisk (shapeshifter) (Depths:4)
  15 wyverns
  A human (shapeshifter) (Vaults:5)
  4 redbacks
  4 basilisks
  3 steam dragons
  2 neqoxecs
  10 swamp worms
  9 vampire mosquitoes
  2 chaos spawn
  4 wargs
  31 nagas
  2 glowing shapeshifter zombies
  2 acid dragons
  25 water moccasins
  A hydra simulacrum (Crypt:3)
  A glowing shapeshifter skeleton (Depths:1)
  A floating eye (Depths:2)
  A demonspawn skeleton (Crypt:1)
  A merfolk skeleton (Crypt:1)
  A sky beast (D:6)
  A cane toad skeleton (Crypt:2)
  35 orc warriors
  4 small abominations (Depths:3)
  4 ettin simulacra
  A black bear (D:4)
  10 boggarts
  2 swamp dragon zombies (Swamp:4)
  18 ogres
  22 wolves
  8 centaurs
  8 phantoms
  A swamp dragon skeleton (Crypt:3)
  3 kobold brigands
  8 necrophages
  8 bullfrogs
  2 earth elementals
  3 scorpions
  A gnoll sergeant (D:8)
  29 wights
  16 killer bees
  A yak skeleton (Crypt:3)
  7 electric eels
  2 howler monkeys
  2 hounds
  28 orc priests
  5 human zombies (Crypt:1)
  Natasha (thrice) (D:4)
  2 iguanas
  2 sleepcaps
  46 orc wizards
  A sickly merfolk siren (Sewer)
  A malarious merfolk avatar (Sewer)
  A spectral swamp drake (Swamp:4)
  A naga zombie (Crypt:1)
  An acid dragon skeleton (Crypt:3)
  A hound skeleton (Crypt:3)
  7 mummies
  5 gnolls
  A swamp drake zombie (Swamp:4)
  9 adders
  2 river rats (Sewer)
  A shadow imp (D:7)
  16 white imps
  An ufetubus (D:7)
  2 worms (D:2)
  3 dart slugs (D:1)
  103 orcs
  10 endoplasms
  4 giant cockroaches
  6 goblins
  7 hobgoblins
  8 quokkas
  11 ball pythons
  8 bats
  6 frilled lizards
  A goblin skeleton (Crypt:1)
  24 kobolds
  28 rats
  A plant (Depths:1)
2133 creatures vanquished.

Vanquished Creatures (collateral kills)
  Khufu (Crypt:3)
  An eidolon (Crypt:3)
  A spectral storm dragon (Crypt:3)
  10 foxfires
13 creatures vanquished.

Vanquished Creatures (others)
  A storm dragon (Zot:1)
  A vault warden (Vaults:5)
  A stone giant (Vaults:5)
  A great orb of eyes (Depths:4)
  A phantasmal warrior (Vaults:5)
  3 bushes (Lair:3)
  2754 foxfires
  34 fungi
  2 pillars of salt (Vaults:3)
  203 plants
  29 withered plants
3030 creatures vanquished.

Grand Total: 5176 creatures vanquished

Table legend:
 A = Non-vault XP
 B = Vault XP
 C = Vault XP percentage of total XP
 D = Non-vault monster count
 E = Vault monster count
 F = Vault count percentage of total count
                 A         B        C        D         E       F
            +---------+---------+-------+---------+---------+-------
      Total |  567169 |  543987 |  49.0 |    1253 |     887 |  41.4
            +---------+---------+-------+---------+---------+-------
        D:1 |      40 |       2 |   4.8 |      21 |       2 |   8.7
        D:2 |      47 |      46 |  49.5 |      20 |      11 |  35.5
        D:3 |      52 |      65 |  55.6 |      12 |      12 |  50.0
        D:4 |     515 |      37 |   6.7 |      24 |       1 |   4.0
        D:5 |     278 |     510 |  64.7 |       8 |       9 |  52.9
        D:6 |    1889 |     413 |  17.9 |      32 |       4 |  11.1
        D:7 |    1199 |    1815 |  60.2 |      27 |      14 |  34.1
        D:8 |    1207 |    1442 |  54.4 |      29 |       6 |  17.1
        D:9 |    3197 |       0 |   0.0 |      33 |       0 |   0.0
       D:10 |    2996 |    1597 |  34.8 |      23 |       2 |   8.0
       D:11 |    2556 |    7306 |  74.1 |      21 |      39 |  65.0
       D:12 |    7652 |       0 |   0.0 |      23 |       0 |   0.0
       D:13 |    3193 |    4319 |  57.5 |       5 |       8 |  61.5
       D:14 |   14999 |    1223 |   7.5 |      32 |       1 |   3.0
       D:15 |   16734 |    6643 |  28.4 |      38 |      10 |  20.8
     Lair:1 |    6228 |       0 |   0.0 |      32 |       0 |   0.0
     Lair:2 |    5077 |     334 |   6.2 |      10 |       2 |  16.7
     Lair:3 |   14449 |    2298 |  13.7 |      33 |       5 |  13.2
     Lair:4 |    5542 |    3027 |  35.3 |      18 |       7 |  28.0
     Lair:5 |   11622 |    9207 |  44.2 |      36 |      29 |  44.6
    Swamp:1 |   10281 |       0 |   0.0 |      19 |       0 |   0.0
    Swamp:2 |   12783 |       0 |   0.0 |      25 |       0 |   0.0
    Swamp:3 |   16158 |    2453 |  13.2 |      27 |       1 |   3.6
    Swamp:4 |   10394 |   16620 |  61.5 |      19 |      41 |  68.3
    Snake:1 |   15872 |     859 |   5.1 |      31 |       1 |   3.1
    Snake:2 |   12320 |    7747 |  38.6 |      22 |      13 |  37.1
    Snake:3 |   19260 |    4631 |  19.4 |      32 |       5 |  13.5
    Snake:4 |   15894 |   23719 |  59.9 |      35 |      40 |  53.3
      Orc:1 |    3389 |     121 |   3.4 |      24 |      12 |  33.3
      Orc:2 |    2501 |    4914 |  66.3 |      31 |      45 |  59.2
      Elf:1 |   16584 |    7864 |  32.2 |      27 |      12 |  30.8
      Elf:2 |    8154 |    6622 |  44.8 |      15 |       8 |  34.8
      Elf:3 |    6285 |   29565 |  82.5 |      11 |      26 |  70.3
   Vaults:1 |   10695 |   30001 |  73.7 |      21 |      40 |  65.6
   Vaults:2 |   27526 |   21716 |  44.1 |      43 |      31 |  41.9
   Vaults:3 |   18802 |   23460 |  55.5 |      27 |      33 |  55.0
   Vaults:4 |   19868 |   26822 |  57.4 |      28 |      30 |  51.7
   Vaults:5 |   30973 |  120706 |  79.6 |      48 |     101 |  67.8
    Crypt:1 |   29981 |       0 |   0.0 |      58 |       0 |   0.0
    Crypt:2 |   36308 |    1900 |   5.0 |      48 |       1 |   2.0
    Crypt:3 |   22738 |   55809 |  71.1 |      37 |      69 |  65.1
   Depths:1 |   31873 |   16085 |  33.5 |      47 |      23 |  32.9
   Depths:2 |   26549 |   25653 |  49.1 |      28 |      29 |  50.9
   Depths:3 |   42307 |   23140 |  35.4 |      50 |      51 |  50.5
   Depths:4 |   19704 |   34282 |  63.5 |      22 |      33 |  60.0
      Zot:1 |     498 |    5308 |  91.4 |       1 |       9 |  90.0
      Sewer |       0 |     142 | 100.0 |       0 |      34 | 100.0
      IceCv |       0 |   13564 | 100.0 |       0 |      37 | 100.0
            +---------+---------+-------+---------+---------+-------

Illustrated notes

Table legend:
 A = Kills in this place as a percentage of kills in the entire game.
 B = Kills by you in this place as a percentage of kills by you in the entire game.
 C = Kills by friends in this place as a percentage of kills by friends in the entire game.
 D = Other kills in this place as a percentage of other kills in the entire game.
 E = Experience gained in this place as a percentage of experience gained in the entire game.
 F = Experience gained in this place divided by the number of levels of this place that you have seen.
                   A       B       C       D       E      F
               +-------+-------+-------+-------+-------+----------------------
         Total | 100.0 | 100.0 | 100.0 | 100.0 | 100.0 | 22676.7
       Dungeon |  21.8 |  21.9 |   0.0 |   0.0 |   7.4 | 5464.8
          Lair |   8.0 |   8.1 |   0.0 |   0.0 |   5.2 | 11556.8
         Swamp |   6.2 |   6.2 |   0.0 |   0.0 |   6.2 | 17172.2
     Snake Pit |   8.4 |   8.4 |   0.0 |   0.0 |   9.0 | 25075.5
  Orcish Mines |   5.2 |   5.3 |   0.0 |   0.0 |   1.0 | 5462.5
   Elven Halls |   4.6 |   4.6 |   0.0 |   0.0 |   6.8 | 25024.7
        Vaults |  18.8 |  18.7 |   0.0 |  60.0 |  29.8 | 66113.8
         Crypt |  10.0 |   9.8 | 100.0 |   0.0 |  13.2 | 48912.0
        Depths |  13.2 |  13.2 |   0.0 |  20.0 |  19.8 | 54898.2
           Zot |   0.5 |   0.4 |   0.0 |  20.0 |   0.5 | 5806.0
         Sewer |   1.6 |   1.6 |   0.0 |   0.0 |   0.0 | 142.0
      Ice Cave |   1.7 |   1.7 |   0.0 |   0.0 |   1.2 | 13564.0
               +-------+-------+-------+-------+-------+----------------------

Table legend: (Time is in decaauts)
 A = Elapsed time spent in this place.
 B = Non-inter-level travel time spent in this place.
 C = Inter-level travel time spent in this place.
 D = Time resting spent in this place.
 E = Time spent auto-exploring this place.
 F = Levels seen in this place.
 G = Mean time per level.
                   A        B        C        D        E       F      G
               +--------+--------+--------+--------+--------+-----+--------+
         Total |  97629 |  89924 |   7705 |  37063 |  29189 |  49 | 1992.4 |
       Dungeon |  29398 |  25986 |   3412 |   9223 |  11502 |  15 | 1959.9 |
          Lair |  10701 |   9803 |    898 |   4479 |   3533 |   5 | 2140.2 |
         Swamp |   5931 |   5585 |    346 |   2297 |   1649 |   4 | 1482.8 |
     Snake Pit |  11068 |  10460 |    608 |   6000 |   2350 |   4 | 2767.0 |
  Orcish Mines |   2827 |   2722 |    105 |   1022 |   1127 |   2 | 1413.5 |
   Elven Halls |   5858 |   5553 |    305 |   1960 |   1545 |   3 | 1952.7 |
        Vaults |  12330 |  11065 |   1265 |   4184 |   2790 |   5 | 2466.0 |
         Crypt |   7832 |   7489 |    343 |   3030 |   1952 |   3 | 2610.7 |
        Depths |   9024 |   8606 |    418 |   3693 |   2476 |   4 | 2256.0 |
           Zot |     21 |     21 |      0 |      0 |      0 |   1 |   21.0 |
         Trove |    147 |    147 |      0 |      0 |      0 |   1 |  147.0 |
         Sewer |    561 |    561 |      0 |    146 |    124 |   1 |  561.0 |
      Ice Cave |   1925 |   1925 |      0 |   1029 |    139 |   1 | 1925.0 |
               +--------+--------+--------+--------+--------+-----+--------+

Top non-repeatable levels by time:
 Snake:3: 4255 daAuts
    D:11: 3752 daAuts
Vaults:4: 3693 daAuts
    D:10: 3229 daAuts
  Lair:3: 3168 daAuts
    D:15: 3107 daAuts
Vaults:1: 3062 daAuts
 Crypt:3: 2938 daAuts
Depths:4: 2875 daAuts
 Crypt:1: 2818 daAuts
 Snake:4: 2517 daAuts
 Snake:1: 2412 daAuts
Depths:1: 2384 daAuts
     D:7: 2303 daAuts
    D:14: 2255 daAuts
